[Event "Titled Tuesday Blitz April 25 Late 2023"]
[White "Rios Escobar, Adan"]
[Black "Baskakov, Egor"]
[WhiteFideId "3403645"]
[BlackFideId "24197866"]
[WhiteElo "2234"]
[BlackElo "2212"]
[Result "0-1"]
[Round "03"]
[TimeControl "180+2"]
[Date "2023.04.25"]
[WhiteClock "0:00:11"]
[BlackClock "0:00:52"]

1. d4 Nf6 2. g3 e6 3. c4 d5 4. Bg2 Be7 5. Nf3 O-O 6. O-O Ne4 7. b3 f5 8. Ba3 c6 9. Bxe7 Qxe7 10. Qc2 Bd7 11. e3 Be8 12. Nc3 Nd7 13. Ne5 Nxe5 14. dxe5 Bh5 15. f3 Nxc3 16. Qxc3 g5 17. f4 Rac8 18. Rf2 Rfd8 19. c5 Rd7 20. Rd2 Kh8 21. b4 Rg8 22. a4 Be8 23. Bh3 h5 24. Qd4 Kh7 25. Rc1 Qf8 26. Bg2 Qh6 27. Kf2 Rdg7 28. Rc3 h4 29. Rb2 Bh5 30. b5 Be8 31. bxc6 Bxc6 32. a5 a6 33. Rbb3 Bb5 34. Rxb5 axb5 35. c6 bxc6 36. Rxc6 hxg3+ 37. hxg3 gxf4 38. exf4 Rxg3 39. Rc7+ Kh8 40. Bf1 Rg1 41. Ke1 Rxf1+ 42. Kxf1 Qh1+ 43. Ke2 Rg2+ 44. Kd3 Qd1+ 45. Kc3 Qa1+ 46. Kd3 Rd2+ 47. Kxd2 Qxd4+ 48. Kc2 Qa4+ 49. Kd3 Qxa5 50. Re7 Qa3+ 51. Kd4 Qxe7 52. Kd3 Qb4 53. Ke3 Qe4+ 54. Kd2 Qxf4+ 55. Kc3 Qxe5+ 56. Kb4 f4 57. Kc5 b4 58. Kc6 b3 59. Kc5 d4+ 60. Kc4 Qd5+ 61. Kd3 e5 62. Kd2 Qc4 63. Kd1 d3 64. Ke1 Qc2 65. Kf1 e4 66. Kg1 f3 67. Kf1 b2 68. Ke1 Kg7 69. Kf1 Kf6 70. Ke1 Kg5 71. Kf1 Kf4 72. Ke1 0-1


[Site "https://www.chess.com"]

[Event "Titled Tuesday Blitz April 25 Late 2023"]
[White "Kushko, Dmitriy"]
[Black "Kubatko, Ivan"]
[WhiteFideId "14162261"]
[BlackFideId "24111473"]
[WhiteElo "2230"]
[BlackElo "2285"]
[Result "1-0"]
[Round "03"]
[TimeControl "180+2"]
[Date "2023.04.25"]
[WhiteClock "0:00:11"]
[BlackClock "0:00:02"]

1. g3 d5 2. Bg2 Nf6 3. f4 c5 4. Nf3 Nc6 5. O-O h5 6. d3 h4 7. Nxh4 Bg4 8. Nc3 e6 9. h3 Bh5 10. Nf3 Bxf3 11. Rxf3 Nd4 12. Rf1 Qb6 13. g4 O-O-O 14. e3 Nc6 15. Rb1 d4 16. Ne2 Nd5 17. Bxd5 exd5 18. Kg2 Bd6 19. e4 Rhe8 20. Ng3 c4 21. Bd2 Bc5 22. exd5 Rxd5 23. dxc4 Rdd8 24. Qf3 d3 25. c3 Qa6 26. Ne4 Qxc4 27. Rfe1 Bf8 28. b3 Qd5 29. Ng3 Qd7 30. Rbd1 g6 31. Rxe8 Rxe8 32. Be1 Rd8 33. Bf2 Bg7 34. c4 Nb4 35. Ne4 f5 36. Nc5 Qc6 37. Qxc6+ bxc6 38. a3 Nc2 39. Rxd3 Rxd3 40. Nxd3 Nxa3 41. Kf3 a6 42. Ne5 Bxe5 43. fxe5 Kd7 44. gxf5 gxf5 45. h4 Ke6 46. Bd4 Nc2 47. Bc3 c5 48. h5 Kf7 49. h6 Kg8 50. e6 Nd4+ 51. Bxd4 cxd4 52. e7 1-0


[Site "https://www.chess.com"]

[Event "Titled Tuesday Blitz April 25 Late 2023"]
[White "Meunier-Pion, Jean"]
[Black "Bitoon, Richard"]
[WhiteFideId "20685327"]
[BlackFideId "5201110"]
[WhiteElo "2124"]
[BlackElo "2374"]
[Result "1/2-1/2"]
[Round "03"]
[TimeControl "180+2"]
[Date "2023.04.25"]
[WhiteClock "0:00:26"]
[BlackClock "0:00:03"]

1. e4 e5 2. Nf3 Nc6 3. Bb5 a6 4. Ba4 Nf6 5. d3 b5 6. Bb3 Bb7 7. O-O Bc5 8. a4 O-O 9. Nc3 Na5 10. axb5 Nxb3 11. cxb3 axb5 12. Rxa8 Bxa8 13. Nxe5 d5 14. d4 Be7 15. exd5 b4 16. Ne2 Qxd5 17. Nf4 Qb7 18. Be3 g5 19. f3 gxf4 20. Bxf4 Rd8 21. Qe1 Nh5 22. Ng4 Bf8 23. Qe5 Rd5 24. Qe8 Nxf4 25. Nh6+ Kg7 26. Qxf7+ Kxh6 27. Qxf8+ Kg6 28. Qg8+ Kf6 29. Qf8+ Kg6 30. Qg8+ Kf6 31. Qf8+ Kg6 1/2-1/2


[Site "https://www.chess.com"]

[Event "Titled Tuesday Blitz April 25 Late 2023"]
[White "Erzhanov, Arman"]
[Black "Pakleza, Zbigniew"]
[WhiteFideId "4138821"]
[BlackFideId "1119290"]
[WhiteElo "2138"]
[BlackElo "2410"]
[Result "1/2-1/2"]
[Round "03"]
[TimeControl "180+2"]
[Date "2023.04.25"]
[WhiteClock "0:00:13"]
[BlackClock "0:00:10"]

1. e4 d6 2. d4 Nf6 3. Nc3 c6 4. h3 b5 5. a3 e5 6. Nge2 Nbd7 7. g4 Bb7 8. Bg2 a5 9. O-O b4 10. axb4 axb4 11. Rxa8 Bxa8 12. Na4 Be7 13. Ng3 g6 14. Bh6 Bf8 15. Be3 Bg7 16. g5 Ng8 17. f4 Ne7 18. dxe5 dxe5 19. f5 gxf5 20. exf5 Nd5 21. Bc1 f6 22. Qh5+ Ke7 23. Ne4 Qe8 24. Qe2 Rg8 25. Kh2 Bh8 26. h4 Bb7 27. Bd2 Qa8 28. Nac5 Bc8 29. Nxd7 Bxd7 30. gxf6+ Nxf6 31. Bxb4+ Kd8 32. Rd1 Nd5 33. Bd2 Bxf5 34. Bg5+ Kc7 35. c4 h6 36. Bc1 Bg4 37. Bf3 Nf4 38. Bxf4 Bxf3 39. Qxf3 exf4 40. Qxf4+ Kb6 41. c5+ Kb5 42. Qf1+ Kb4 43. Qe1+ Kb5 44. Qe2+ Kb4 45. Qd2+ Kb5 46. Qd3+ Kb4 47. Rc1 Be5+ 48. Kh1 Qa2 49. Qd2+ Kb5 50. Qd3+ Kb4 51. Nd2 Qd5+ 52. Qxd5 cxd5 53. c6 Bf4 54. c7 Rc8 55. Rc2 Bxd2 56. Rxd2 Kc4 57. Rc2+ Kb3 58. Rc5 d4 59. Kg2 Kxb2 60. Kf3 d3 61. Ke3 Kb3 62. Kxd3 Kb4 63. Rc1 Kb5 64. Ke4 Kb6 65. Kd5 Rxc7 66. Rxc7 Kxc7 67. Ke6 Kc6 68. h5 Kc5 69. Kf6 Kd6 70. Kg6 Ke7 71. Kg7 Ke6 72. Kxh6 Kf7 73. Kh7 Kf8 74. Kh8 Kf7 75. Kh7 Kf8 76. Kg6 Kg8 77. h6 Kh8 78. h7 1/2-1/2


[Site "https://www.chess.com"]

[Event "Titled Tuesday Blitz April 25 Late 2023"]
[White "Sieciechowicz, Marcin"]
[Black "Baches Garcia, Guillermo"]
[WhiteFideId "1130170"]
[BlackFideId "2209764"]
[WhiteElo "2302"]
[BlackElo "2334"]
[Result "1-0"]
[Round "03"]
[TimeControl "180+2"]
[Date "2023.04.25"]
[WhiteClock "0:01:55"]
[BlackClock "0:01:19"]

1. d4 f5 2. Bf4 Nf6 3. e3 g6 4. Nf3 d6 5. h3 Bg7 6. Bc4 e6 7. O-O O-O 8. c3 h6 9. Nbd2 g5 10. Bh2 Nc6 11. Re1 g4 12. hxg4 fxg4 13. Nh4 Qe8 14. Nf5 d5 15. Nxg7 Kxg7 16. Bd3 e5 17. e4 Qh5 18. exd5 Nxd5 19. Bxe5+ Nf6 20. Bxc7 Bf5 21. Ne4 Nxe4 22. Bxe4 Rae8 23. Bxf5 Qxf5 24. Bg3 1-0


[Site "https://www.chess.com"]

[Event "Titled Tuesday Blitz April 25 Late 2023"]
[White "Cheparinov, Ivan"]
[Black "Lorenzo De La Riva, Lazaro"]
[WhiteFideId "2905540"]
[BlackFideId "2268809"]
[WhiteElo "2613"]
[BlackElo "2294"]
[Result "1-0"]
[Round "03"]
[TimeControl "180+2"]
[Date "2023.04.25"]
[WhiteClock "0:00:17"]
[BlackClock "0:00:16"]

1. Nf3 d5 2. g3 c6 3. Bg2 Nf6 4. O-O g6 5. b3 Bg7 6. Bb2 O-O 7. c4 a5 8. d3 Na6 9. Nbd2 Nc5 10. a3 e6 11. b4 Ncd7 12. Nb3 b6 13. Qc2 Bb7 14. bxa5 bxa5 15. a4 Re8 16. Rab1 Bf8 17. Bc3 Qc7 18. Nxa5 Bc8 19. Qd2 e5 20. cxd5 Nxd5 21. Nc4 Nxc3 22. Qxc3 Rxa4 23. Rfc1 e4 24. Nd4 Bg7 25. Bxe4 Nc5 26. Bf3 Rd8 27. e3 Bxd4 28. exd4 Ne6 29. d5 cxd5 30. Nb6 Qxc3 31. Rxc3 Nd4 32. Bd1 Bd7 33. Nxd7 Ra2 34. Nf6+ Kg7 35. Ng4 Rd2 36. Ne3 Rxd1+ 37. Nxd1 Ne2+ 38. Kf1 Nxc3 39. Nxc3 Kf6 40. Rb5 Ke5 41. Ke2 Kd4 42. Kd2 Rd7 43. f4 1-0


[Site "https://www.chess.com"]

[Event "Titled Tuesday Blitz April 25 Late 2023"]
[White "Yeritsyan, Hayk"]
[Black "Bilych, Olexiy"]
[WhiteFideId "13307320"]
[BlackFideId "14156504"]
[WhiteElo "2241"]
[BlackElo "2320"]
[Result "0-1"]
[Round "03"]
[TimeControl "180+2"]
[Date "2023.04.25"]
[WhiteClock "0:00:10"]
[BlackClock "0:00:35"]

1. d4 d5 2. Nf3 Nf6 3. e3 Bf5 4. Bd3 e6 5. Bxf5 exf5 6. Qd3 g6 7. Qb5+ Nc6 8. Qxb7 Nb4 9. Qb5+ c6 10. Qa4 Qb6 11. a3 Na6 12. Ne5 Rc8 13. c4 Bg7 14. c5 Qb7 15. Nc3 O-O 16. O-O Ne4 17. Nd3 Nc7 18. Qc2 Ne6 19. f3 Nf6 20. f4 Ne4 21. b4 Nxd4 22. exd4 Bxd4+ 23. Kh1 Bxc3 24. Rb1 Qe7 25. Bb2 d4 26. Rbe1 Bxe1 27. Rxe1 Rcd8 28. Ne5 Qh4 29. Rf1 Ng3+ 30. Kg1 Nxf1 31. Nf3 Ne3 32. Qe2 Rfe8 33. Nxh4 d3 34. Qd2 Nc4 35. Qc3 Nxb2 36. Nxf5 gxf5 37. Qf6 d2 38. Qg5+ Kf8 39. Qh6+ Ke7 40. Qg5+ Kd7 41. Qxf5+ Kc7 42. Qxf7+ Kb8 43. Qxh7 d1=Q+ 0-1


[Site "https://www.chess.com"]

[Event "Titled Tuesday Blitz April 25 Late 2023"]
[White "Lamaze, Simon"]
[Black "Shapiro, Viktor"]
[WhiteFideId "36069264"]
[BlackFideId "4175700"]
[WhiteElo "2272"]
[BlackElo "2152"]
[Result "1-0"]
[Round "03"]
[TimeControl "180+2"]
[Date "2023.04.25"]
[WhiteClock "0:02:10"]
[BlackClock "0:01:12"]

1. e4 Nf6 2. e5 Nd5 3. c4 Nb6 4. d4 d6 5. exd6 cxd6 6. Nc3 g6 7. h3 Bg7 8. Nf3 O-O 9. Be2 e5 10. dxe5 dxe5 11. Qxd8 Rxd8 12. c5 Nd5 13. Nxd5 Rxd5 14. Be3 Nc6 15. Bc4 Rd7 16. Rd1 Rxd1+ 17. Kxd1 Bf5 18. Kc1 Rd8 19. a3 h6 20. Rd1 Rxd1+ 21. Kxd1 e4 22. Nh4 Bxb2 23. a4 Kg7 24. Bd5 Nd8 25. g4 Bd7 26. a5 Bc6 27. Bc4 a6 28. Ng2 Bc3 29. Bd2 Bxd2 30. Kxd2 Kf6 31. Ke3 Ke5 32. Nf4 g5 33. Nh5 Bd5 34. Bxd5 Kxd5 35. Nf6+ Kxc5 36. Kxe4 Nc6 37. Ng8 Nxa5 38. Nxh6 b5 39. Nxf7 b4 40. Nxg5 b3 41. Kd3 Kb4 42. Ne4 Nc4 43. g5 Ne5+ 44. Kd2 a5 45. f4 Ng6 46. f5 Nh4 47. f6 a4 48. f7 Ng6 49. h4 a3 50. h5 Nf8 51. Kc1 Ne6 52. g6 a2 53. Kb2 1-0


[Site "https://www.chess.com"]

[Event "Titled Tuesday Blitz April 25 Late 2023"]
[White "Grinev, Valeriy"]
[Black "Khandelwal, Ankush"]
[WhiteFideId "14117517"]
[BlackFideId "413470"]
[WhiteElo "2366"]
[BlackElo "2263"]
[Result "0-1"]
[Round "03"]
[TimeControl "180+2"]
[Date "2023.04.25"]
[WhiteClock "0:01:41"]
[BlackClock "0:00:50"]

1. e4 c5 2. Nc3 a6 3. a4 Nc6 4. g3 g6 5. Bg2 Bg7 6. Nge2 d6 7. O-O e6 8. d3 Nge7 9. f4 O-O 10. h3 Rb8 11. Kh2 b5 12. axb5 axb5 13. Rb1 b4 14. Na4 b3 15. cxb3 Na5 16. d4 Ba6 17. dxc5 dxc5 18. Qxd8 Rfxd8 19. Nec3 Nxb3 20. Rd1 Rxd1 21. Nxd1 Bd3 22. Ndc3 Bxb1 23. Nxb1 Nxc1 24. e5 Nd3 25. Nbc3 Nxb2 26. Nxc5 Nf5 27. g4 Ne3 28. Bf3 Rc8 29. N3e4 Nd5 30. Kg3 Bh6 31. g5 Bf8 32. Nd7 Bb4 33. Ndf6+ Nxf6 34. Nxf6+ Kg7 35. h4 Be1+ 36. Kg4 Nd3 37. h5 Nf2+ 38. Kg3 Ne4+ 39. Kg4 Nxf6+ 40. exf6+ Kf8 41. hxg6 hxg6 42. Bb7 Rc4 43. Ba6 Rb4 44. Kf3 Bd2 45. f5 exf5 46. Bd3 Bxg5 47. Ke2 Bxf6 48. Kf3 Kg7 49. Ke2 Be5 50. Kf3 Kf6 51. Ke2 g5 52. Kf3 g4+ 53. Ke2 f4 0-1


[Site "https://www.chess.com"]

[Event "Titled Tuesday Blitz April 25 Late 2023"]
[White "Womacka, Mathias"]
[Black "Aldokhin, Ivan"]
[WhiteFideId "4611390"]
[BlackFideId "24115720"]
[WhiteElo "2377"]
[BlackElo "2322"]
[Result "0-1"]
[Round "03"]
[TimeControl "180+2"]
[Date "2023.04.25"]
[WhiteClock "0:00:34"]
[BlackClock "0:00:07"]

1. e4 c5 2. Nf3 e6 3. d4 cxd4 4. Nxd4 a6 5. Bd3 Qc7 6. Qe2 Nf6 7. O-O d6 8. c4 g6 9. Nc3 Bg7 10. Nf3 Nc6 11. Rd1 Nd7 12. Bf4 Nce5 13. Rac1 O-O 14. b3 b6 15. Bb1 Bb7 16. Nxe5 dxe5 17. Be3 f5 18. f3 Rfd8 19. Na4 Bc6 20. Nc3 f4 21. Bf2 Bf8 22. Nd5 exd5 23. cxd5 Bb5 24. Rxc7 Bxe2 25. Re1 Bb5 26. a4 Bd6 27. Rcc1 Bb4 28. axb5 Bxe1 29. Bxe1 axb5 30. Bd3 Nc5 31. Bxb5 Nxb3 32. Rb1 Nd4 33. Bc4 b5 34. Bxb5 Rab8 35. Bd3 Rxb1 36. Bxb1 Ra8 37. d6 Ra1 38. d7 Nc6 39. Ba5 Rxa5 40. Bd3 Kf8 41. Bc4 Ke7 42. Bd5 Nd4 43. Kf2 Kxd7 44. g3 Kd6 45. gxf4 exf4 46. h4 Ke5 47. h5 gxh5 48. Kg2 Ra3 49. Kh3 Rxf3+ 50. Kh4 Rg3 51. Kxh5 f3 52. Kh6 f2 53. Kxh7 f1=Q 0-1


[Site "https://www.chess.com"]

[Event "Titled Tuesday Blitz April 25 Late 2023"]
[White "Jovic, Stanoje"]
[Black "Prohaszka, Peter"]
[WhiteFideId "905020"]
[BlackFideId "726265"]
[WhiteElo "2236"]
[BlackElo "2626"]
[Result "0-1"]
[Round "03"]
[TimeControl "180+2"]
[Date "2023.04.25"]
[WhiteClock "0:00:07"]
[BlackClock "0:00:08"]

1. c4 e6 2. g3 d5 3. Bg2 Nf6 4. Nf3 dxc4 5. O-O a6 6. a4 Nc6 7. a5 Bb4 8. Ne5 Nxe5 9. Qa4+ Nc6 10. Bxc6+ bxc6 11. Qxb4 h5 12. Na3 h4 13. Nxc4 Qd5 14. Ne3 Qd6 15. Qc3 Rb8 16. b3 hxg3 17. fxg3 Rb5 18. Ba3 c5 19. Rac1 Bb7 20. Bxc5 Qc6 21. Rf3 Rh7 22. b4 Ne4 23. Qd3 f5 24. Ng2 Nxc5 25. Rxc5 Rxc5 26. bxc5 Qxc5+ 27. Re3 Qc1+ 28. Kf2 Rxh2 29. Rf3 Qc5+ 30. e3 Qc6 31. e4 Qxe4 32. Qxe4 Bxe4 33. Rb3 Rxg2+ 34. Ke1 Kd7 35. d3 Bd5 36. Rb8 Rxg3 37. Kd2 Rg2+ 38. Kc3 Ra2 39. Kd4 Rxa5 40. Rg8 Kd6 41. Rxg7 c5+ 42. Ke3 Ra3 43. Kf4 Rxd3 44. Kg5 Rg3+ 45. Kf6 Rxg7 46. Kxg7 Ke5 0-1


[Site "https://www.chess.com"]

[Event "Titled Tuesday Blitz April 25 Late 2023"]
[White "Adewumi, Tanitoluwa"]
[Black "Estrada Nieto, Julian"]
[WhiteFideId "30966396"]
[BlackFideId "5101018"]
[WhiteElo "2283"]
[BlackElo "2161"]
[Result "0-1"]
[Round "03"]
[TimeControl "180+2"]
[Date "2023.04.25"]
[WhiteClock "0:00:02"]
[BlackClock "0:00:11"]

1. e4 e5 2. Nf3 Nc6 3. Bc4 Bc5 4. O-O Nf6 5. d3 d6 6. Re1 a6 7. a4 Ba7 8. c3 O-O 9. Nbd2 Ng4 10. Re2 Kh8 11. h3 Nh6 12. g4 Nxg4 13. hxg4 Bxg4 14. Qf1 f5 15. Qg2 Qd7 16. exf5 Qxf5 17. Bd5 Rf6 18. Qg3 Raf8 19. Kg2 Rg6 20. Be4 Bxf3+ 21. Nxf3 Rxg3+ 22. fxg3 Qd7 23. c4 Ne7 24. Bg5 c6 25. Rh1 h6 26. Bxh6 gxh6 27. Rxh6+ Kg8 28. Ng5 d5 29. cxd5 cxd5 30. Bf3 Qf5 31. Rh5 e4 32. dxe4 dxe4 33. Rxe4 Nd5 34. Rg4 Ne3+ 35. Kh3 Nxg4 36. Bxg4 Qf1+ 37. Kh4 Qh1+ 38. Bh3 Rf6 0-1


[Site "https://www.chess.com"]

[Event "Titled Tuesday Blitz April 25 Late 2023"]
[White "Le Goff, Ronan"]
[Black "Spata, German"]
[WhiteFideId "612073"]
[BlackFideId "113026"]
[WhiteElo "2275"]
[BlackElo "2238"]
[Result "0-1"]
[Round "03"]
[TimeControl "180+2"]
[Date "2023.04.25"]
[WhiteClock "0:00:14"]
[BlackClock "0:00:06"]

1. d4 Nf6 2. c4 g6 3. f3 Bg7 4. e4 O-O 5. Be3 d6 6. Nc3 e5 7. d5 Nh5 8. Nge2 f5 9. Qd2 a5 10. Bg5 Qe8 11. Ng3 Nf4 12. O-O-O Na6 13. h4 Bd7 14. h5 Nxh5 15. Nxh5 gxh5 16. Bh6 Qg6 17. Bxg7 Kxg7 18. Bd3 Nc5 19. Bc2 Kh8 20. Rh2 fxe4 21. Bxe4 Bf5 22. Qe3 Bxe4 23. Nxe4 Nxe4 24. Qxe4 Rf4 25. Qe2 Raf8 26. Rdh1 R4f5 27. g4 Rxf3 28. Rxh5 R3f7 29. b3 b6 30. R1h2 Rf1+ 31. Kb2 R1f7 32. Ka3 Kg8 33. Qd2 Rg7 34. R2h4 Qf6 35. Qh2 Qf4 36. Rxh7 Qxh2 37. Rxg7+ Kxg7 38. Rxh2 Kg6 39. Ka4 Re8 40. Kb5 e4 41. Kc6 Re7 42. a3 Kg5 43. b4 axb4 44. axb4 Kxg4 45. c5 bxc5 46. bxc5 dxc5 47. d6 cxd6 48. Kxd6 Re8 49. Kd7 Ra8 50. Kd6 e3 51. Kxc5 Re8 52. Re2 Kf3 53. Re1 e2 54. Kd4 Kf2 55. Rd1 exd1=Q+ 0-1


[Site "https://www.chess.com"]

[Event "Titled Tuesday Blitz April 25 Late 2023"]
[White "O`Gorman, Tom"]
[Black "Fernandez Siles, Luis"]
[WhiteFideId "2508249"]
[BlackFideId "2209420"]
[WhiteElo "2271"]
[BlackElo "2195"]
[Result "0-1"]
[Round "03"]
[TimeControl "180+2"]
[Date "2023.04.25"]
[WhiteClock "0:00:19"]
[BlackClock "0:00:09"]

1. e4 c5 2. Nf3 Nc6 3. b3 d6 4. Bb2 e5 5. Bb5 g6 6. O-O Bg7 7. c3 Ne7 8. d4 O-O 9. dxc5 dxc5 10. Nbd2 a6 11. Be2 b5 12. a4 Rb8 13. axb5 axb5 14. h3 h6 15. Re1 Be6 16. Qc2 Qc7 17. Nf1 b4 18. c4 Rfd8 19. Ne3 Nd4 20. Nxd4 cxd4 21. Nd1 Qc6 22. Bc1 Ra8 23. Rxa8 Rxa8 24. Bd2 Qc5 25. Nb2 Nc6 26. Nd3 Qb6 27. Qb2 f6 28. Ra1 Ra5 29. Ra2 Bf8 30. Qa1 Ra3 31. Bd1 h5 32. Bc1 Rxa2 33. Qxa2 f5 34. Bf3 f4 35. Bd2 Qa5 36. Qxa5 Nxa5 37. Bd1 Nc6 38. Kh2 Bd6 39. g3 g5 40. Bxh5 Kf8 41. Bd1 Kg7 42. h4 Kg6 43. hxg5 Kxg5 44. gxf4+ exf4 45. Kg2 Bg4 46. Bxg4 Kxg4 47. f3+ Kg5 48. Kf2 Ne5 49. Nxe5 Bxe5 50. Bxb4 d3 51. Bd2 Bd4+ 52. Kg2 Be3 53. Bxe3 fxe3 54. Kf1 Kf4 55. c5 Kxf3 56. c6 d2 57. c7 d1=Q# 0-1


[Site "https://www.chess.com"]

[Event "Titled Tuesday Blitz April 25 Late 2023"]
[White "Flynn, Jacob"]
[Black "Banzea, Alexandru-Bogdan"]
[WhiteFideId "2509393"]
[BlackFideId "1232622"]
[WhiteElo "2053"]
[BlackElo "2294"]
[Result "1/2-1/2"]
[Round "03"]
[TimeControl "180+2"]
[Date "2023.04.25"]
[WhiteClock "0:01:33"]
[BlackClock "0:00:19"]

1. d4 d5 2. c4 c6 3. Nf3 Nf6 4. g3 Bf5 5. Bg2 e6 6. O-O Nbd7 7. Nc3 Bd6 8. Qb3 Rb8 9. Nh4 Bg6 10. Nxg6 hxg6 11. e4 dxe4 12. Nxe4 Nxe4 13. Bxe4 Nf6 14. Bf3 O-O 15. Be3 Qe7 16. Rad1 Rfc8 17. Kg2 b5 18. Rd2 bxc4 19. Qxc4 Nd5 20. Qd3 c5 21. Bxd5 exd5 22. dxc5 Bxc5 23. Bxc5 Rxc5 24. Re2 Qf6 25. Qa3 Rcb5 26. Qxa7 Rxb2 27. Rfe1 Kh7 28. a4 R8b3 29. Rxb2 Qf3+ 30. Kg1 Rxb2 31. Qe3 Qxe3 32. Rxe3 Ra2 33. Rd3 Rxa4 34. Rxd5 1/2-1/2


[Site "https://www.chess.com"]

[Event "Titled Tuesday Blitz April 25 Late 2023"]
[White "Tarlabasi, Emirhan"]
[Black "Gurevich, Dmitry"]
[WhiteFideId "6350275"]
[BlackFideId "2000407"]
[WhiteElo "2200"]
[BlackElo "2506"]
[Result "0-1"]
[Round "03"]
[TimeControl "180+2"]
[Date "2023.04.25"]
[WhiteClock "0:00:08"]
[BlackClock "0:00:15"]

1. c4 c5 2. Nc3 b6 3. Nf3 Bb7 4. d4 cxd4 5. Nxd4 Nf6 6. b3 g6 7. Bb2 Bg7 8. e3 O-O 9. f3 d5 10. cxd5 Nxd5 11. Nxd5 Qxd5 12. Bc4 Qa5+ 13. Qd2 Qxd2+ 14. Kxd2 a6 15. Rac1 Rd8 16. Ke2 Nd7 17. Rhd1 Ne5 18. Kf2 Nxc4 19. bxc4 Rac8 20. Ba3 e6 21. Nb3 Bf6 22. c5 bxc5 23. Rxd8+ Rxd8 24. Nxc5 Bd5 25. Rc2 Rc8 26. e4 Bd4+ 27. Ke2 Bc6 28. Nb3 Bb5+ 29. Kd1 Rxc2 30. Kxc2 Bg1 31. Nc5 Bxh2 32. Bb2 h5 33. Bd4 h4 34. Nd3 f5 35. Kd2 fxe4 36. fxe4 Bxd3 37. Kxd3 g5 38. Bc5 g4 39. Ke2 Kf7 40. Bb6 Bd6 41. Bd8 h3 42. gxh3 gxh3 43. Kf3 Ke8 44. Bg5 Kd7 45. Be3 Kc6 46. a4 Bc7 47. Bf2 Be5 48. Be3 Kd7 49. Bf2 Ke7 50. Be3 Kf6 51. Bf2 Kg6 52. Be3 Kh5 53. Bf2 h2 54. Kg2 Kg4 55. Be3 h1=Q+ 56. Kxh1 Kf3 57. Ba7 Kxe4 58. Kg2 Kd3 59. Kf3 Bd4 60. Bb8 e5 61. Kg2 e4 62. Kf1 e3 63. Bf4 e2+ 64. Kg2 e1=Q 0-1


[Site "https://www.chess.com"]

[Event "Titled Tuesday Blitz April 25 Late 2023"]
[White "ArtemDyachuk"]
[Black "Bruedigam, Martin"]
[BlackFideId "24608033"]
[WhiteElo "2440"]
[BlackElo "2331"]
[Result "0-1"]
[Round "03"]
[TimeControl "180+2"]
[Date "2023.04.25"]
[WhiteClock "0:00:01"]
[BlackClock "0:00:31"]

1. Nf3 d5 2. e3 Nf6 3. c3 c5 4. d4 cxd4 5. exd4 Nc6 6. Bf4 Bg4 7. Nbd2 e6 8. Bd3 Be7 9. O-O O-O 10. Qc2 Bh5 11. Ne5 a6 12. Rfe1 Rc8 13. Qb3 Nxe5 14. dxe5 Nd7 15. Qc2 Bg6 16. Bxg6 hxg6 17. Nf3 b5 18. a3 Nc5 19. g3 a5 20. h4 Ne4 21. Kg2 b4 22. axb4 axb4 23. Rad1 bxc3 24. Rxe4 dxe4 25. Rxd8 exf3+ 26. Kxf3 Rfxd8 27. bxc3 Rc4 28. Be3 Rdc8 29. Bd2 Bb4 30. Qb3 Bxc3 31. Bf4 Bd4 32. Qd1 R8c5 33. Kg4 Bxe5 34. Qd8+ Kh7 35. Qe7 Bxf4 36. Qxf7 Be5+ 37. Kh3 Bf6 38. Qxe6 Rc2 39. f4 R2c3 40. Kg4 Ra5 41. Qe8 Raa3 0-1


[Site "https://www.chess.com"]

[Event "Titled Tuesday Blitz April 25 Late 2023"]
[White "Prydun, Andriy"]
[Black "Saveliev, Alexei"]
[WhiteFideId "14145898"]
[BlackFideId "24128546"]
[WhiteElo "2164"]
[BlackElo "2271"]
[Result "1-0"]
[Round "03"]
[TimeControl "180+2"]
[Date "2023.04.25"]
[WhiteClock "0:00:55"]
[BlackClock "0:02:14"]

1. e4 g6 2. d4 Bg7 3. Nc3 d6 4. Be3 Nc6 5. Nge2 e5 6. d5 Nce7 7. f3 f5 8. Qd2 Nf6 9. Bg5 h6 10. Bh4 O-O 11. O-O-O g5 12. Be1 Ng6 13. exf5 Bxf5 14. Ng3 Bd7 15. h4 Nxh4 16. Bd3 Qe8 17. Nce4 Ng6 18. Nxg5 hxg5 19. Qxg5 e4 20. Nxe4 Nxe4 21. Bxe4 Qe5 22. Qxg6 Qxb2+ 23. Kd2 Rf6 24. Rh8+ 1-0


[Site "https://www.chess.com"]

[Event "Titled Tuesday Blitz April 25 Late 2023"]
[White "Mustafayev, Farid"]
[Black "Gonzalez Zamora, Juan Carlos"]
[WhiteFideId "13408771"]
[BlackFideId "3507548"]
[WhiteElo "2237"]
[BlackElo "2535"]
[Result "0-1"]
[Round "03"]
[TimeControl "180+2"]
[Date "2023.04.25"]
[WhiteClock "0:01:04"]
[BlackClock "0:01:38"]

1. e4 d6 2. d4 Nf6 3. Nc3 g6 4. Be3 Bg7 5. Qd2 c6 6. O-O-O b5 7. Bd3 Nbd7 8. Bh6 Bxh6 9. Qxh6 Qa5 10. Kb1 b4 11. Nce2 c5 12. Nf3 Bb7 13. e5 Nd5 14. exd6 e6 15. Qg7 O-O-O 16. Ne5 Nxe5 17. Qxe5 cxd4 18. Nxd4 Nc3+ 19. bxc3 Qxe5 20. Rhe1 Qc5 21. Nb3 Qxc3 22. Re3 Rxd6 0-1


[Site "https://www.chess.com"]

[Event "Titled Tuesday Blitz April 25 Late 2023"]
[White "Atanasov, Anthony"]
[Black "Rangel, Daniel"]
[WhiteFideId "2623897"]
[BlackFideId "2124475"]
[WhiteElo "2326"]
[BlackElo "2256"]
[Result "0-1"]
[Round "03"]
[TimeControl "180+2"]
[Date "2023.04.25"]
[WhiteClock "0:00:01"]
[BlackClock "0:00:21"]

1. d4 Nf6 2. Nf3 g6 3. Nc3 Bg7 4. e4 O-O 5. e5 Ne8 6. Bg5 c5 7. Nd5 Nc6 8. Bc4 cxd4 9. Nxd4 Qa5+ 10. Bd2 Qc5 11. Nxc6 dxc6 12. Ne3 Bxe5 13. O-O Bxb2 14. Rb1 Bg7 15. Bb4 Qe5 16. Re1 Qc7 17. Qf3 Nd6 18. Bd3 Be6 19. c4 c5 20. Bd2 Rad8 21. Nd5 Bxd5 22. cxd5 c4 23. Bc2 b5 24. a4 a6 25. Qe2 Rfe8 26. Bb4 Rb8 27. axb5 axb5 28. h4 Qd7 29. h5 Nf5 30. hxg6 hxg6 31. Qg4 Rbd8 32. Bxf5 Qxf5 33. Qxf5 gxf5 34. d6 exd6 35. Rxe8+ Rxe8 36. Bxd6 c3 37. Rxb5 Rc8 38. Bf4 c2 39. Bc1 Rd8 40. Kh2 Rd1 41. Be3 c1=Q 42. Bxc1 Rxc1 43. Rxf5 Rc6 44. g3 Rf6 45. Rd5 Rxf2+ 46. Kh3 Rf6 47. Kg4 Rg6+ 48. Kf3 Bf8 49. g4 Kg7 50. Rf5 Rf6 51. Kf4 Bd6+ 52. Kg5 Rxf5+ 53. Kxf5 Be7 54. g5 Bd8 55. Kf4 Kg6 0-1


[Site "https://www.chess.com"]

[Event "Titled Tuesday Blitz April 25 Late 2023"]
[White "Rosen, Eric"]
[Black "Rottenwohrer Suarez, Juan"]
[WhiteFideId "2032562"]
[BlackFideId "32068182"]
[WhiteElo "2331"]
[BlackElo "2174"]
[Result "1-0"]
[Round "03"]
[TimeControl "180+2"]
[Date "2023.04.25"]
[WhiteClock "0:00:02"]
[BlackClock "0:00:02"]

1. e4 c5 2. Nf3 g6 3. d4 cxd4 4. Nxd4 Nc6 5. c4 Nf6 6. Nc3 d6 7. f3 Bg7 8. Be3 O-O 9. b3 Nh5 10. Qd2 Bd7 11. Be2 a6 12. O-O Nf4 13. Rad1 Nxd4 14. Bxd4 Bxd4+ 15. Qxd4 b5 16. e5 Nxe2+ 17. Nxe2 bxc4 18. bxc4 Ba4 19. Rb1 dxe5 20. Qxe5 Qd3 21. Nc3 Qxc4 22. Nd5 Ra7 23. Nxe7+ Rxe7 24. Qxe7 Qxa2 25. Qf6 Bb5 26. Rfe1 Rc8 27. Rbd1 a5 28. Rd8+ Rxd8 29. Qxd8+ Kg7 30. Qd4+ Kg8 31. Rc1 Qe6 32. h4 a4 33. Qb4 Qe3+ 34. Kh2 Qxc1 35. Qxb5 a3 36. Qe8+ Kg7 37. Qe5+ Kg8 38. Qb8+ Kg7 39. Qe5+ Kh6 40. g4 1-0


[Site "https://www.chess.com"]

[Event "Titled Tuesday Blitz April 25 Late 2023"]
[White "Golubev, Mikhail"]
[Black "Munoz, Francisco Javier"]
[WhiteFideId "14100983"]
[BlackFideId "128368"]
[WhiteElo "2374"]
[BlackElo "2383"]
[Result "0-1"]
[Round "03"]
[TimeControl "180+2"]
[Date "2023.04.25"]
[WhiteClock "0:00:01"]
[BlackClock "0:00:14"]

1. e4 e5 2. Nf3 Nc6 3. Bc4 Bc5 4. c3 Nf6 5. d4 exd4 6. cxd4 Bb4+ 7. Nbd2 d5 8. exd5 Nxd5 9. O-O O-O 10. a3 Be7 11. Re1 Nb6 12. Ba2 Bf6 13. Ne4 Bg4 14. h3 Bh5 15. Nxf6+ Qxf6 16. g4 Bg6 17. d5 Na5 18. Bd2 Nac4 19. Bc3 Qf4 20. Ne5 Rad8 21. Nxg6 hxg6 22. Qd4 Qxd4 23. Bxd4 Nd6 24. Re7 Nb5 25. Bxb6 axb6 26. a4 Nd6 27. Rxc7 Rfe8 28. Rac1 Re2 29. R1c2 Re4 30. Bb3 Rb4 31. R2c3 g5 32. Re3 g6 33. Kf1 Kg7 34. Ke1 Rd4 35. Ke2 Rb4 36. Kd1 Rd4+ 37. Kc2 Rf4 38. f3 Kh6 39. Kc3 b5 0-1


[Site "https://www.chess.com"]